 Dungeon Crawl Stone Soup version 0.24.0-123-gd5b16e6ec5 (webtiles) character file.

Game seed: 4784629390716956173, levelgen mode: deterministic

2130 Amplified the Carver (level 9, 0/114 HPs)
             Began as a Barachi Berserker on Dec 24, 2019.
             Was an Elder of Trog.
             Splashed by Joseph's acid (17 damage)
             ... on level 8 of the Dungeon.
             The game lasted 00:07:53 (5592 turns).

Amplified the Carver (Barachi Berserker)            Turns: 5592, Time: 00:07:53

Health: 0/114      AC:  7    Str: 26    XL:     9   Next: 30%
Magic:  18/18      EV: 15    Int:  7    God:    Trog [****..]
Gold:   343        SH:  0    Dex: 13    Spells: 8/8 levels left

rFire    + . .     SeeInvis .   u - +1 falchion (flame)
rCold    . . .     Gourm    .   (no shield)
rNeg     . . .     Faith    .   A - +2 leather armour {rF+}
rPois    .         Spirit   .   k - +0 helmet
rElec    .         Reflect  .   (no cloak)
rCorr    .         Harm     .   (no gloves)
MR       .....                  (no boots)
Stlth    ..........             (no amulet)
HPRegen  0.29/turn              j - ring of stealth
MPRegen  0.16/turn              f - ring of magical power

@: mighty, berserking, studying Earth Magic, very quick
A: +LOS, swims, slowness 1, strong legs 1
a: Hop, Berserk, Trog's Hand, Brothers in Arms, Renounce Religion


You were on level 8 of the Dungeon.
You worshipped Trog.
Trog was greatly pleased with you.
You were not hungry.

You visited 1 branch of the dungeon, and saw 8 of its levels.

You collected 343 gold pieces.

Inventory:

Hand Weapons
 m - a +0 hunting sling
 n - a +0 long sword
 u - a +1 falchion of flaming (weapon)
Missiles
 a - 30 poisoned darts (quivered)
 l - 172 stones
Armour
 k - a +0 helmet (worn)
 q - a +0 scale mail
 A - a +2 leather armour of fire resistance (worn)
Jewellery
 f - a ring of magical power (right hand)
 j - a ring of stealth (left hand)
Scrolls
 e - a scroll of fog
 v - a scroll of teleportation
 E - a scroll of remove curse
Potions
 h - 2 potions of might
 p - a potion of flight
 r - 3 potions of berserk rage {unknown}
 s - 2 potions of agility {unknown}
 t - 2 potions of haste {unknown}
 x - a potion of lignification {unknown}
 z - a potion of cancellation {unknown}
 B - 2 potions of degeneration {unknown}
 D - a potion of mutation {unknown}
Books
 y - a manual of Earth Magic
Comestibles
 c - 10 rations


   Skills:
 * Level 9.0 Fighting
 * Level 9.2 Long Blades
 + Level 6.2 Armour
 + Level 5.7 Dodging


You had 8 spell levels left.
You didn't know any spells.
Your spell library contained the following spells:

 Spells                   Type           Power        Failure   Level  Hunger
 Malign Gateway           Summ/Tloc      #.........   100%        7    #######
 Monstrous Menagerie      Summ           #.........   100%        7    #######
 Summon Greater Demon     Summ           #.........   100%        7    #######
 Summon Horrible Things   Summ           #.........   100%        8    #######


Dungeon Overview and Level Annotations

Branches:
Dungeon (8/15)             Temple (0/1) D:4
   Lair: D:8-11

Altars:
Ashenzari
Elyvilon
Okawaru
Ru
Trog
Vehumet
Wu Jian
Zin
The Shining One

Annotations:
D:4 3 runed translucent doors, Exporg's ghost, amateur GnFi
D:8 Joseph


Innate Abilities, Weirdness & Mutations

Shadows flee at your approach. (+LOS)
You can swim through water.
You cover ground slowly.
You can hop short distances.


Message History

Joseph shouts!
You hear a shout!
Joseph unwields a +0 quarterstaff.
Joseph wields a +2 hunting sling of flaming.
It bursts into flame!
Joseph shoots a sling bullet.
The sling bullet hits you! The sling bullet burns you.
You see here a sling bullet.
Joseph shoots a sling bullet.
The sling bullet hits you! The sling bullet burns you.
You see here a sling bullet.
You feel better.
Joseph shoots a sling bullet.
The sling bullet hits you.
Okay, then.
A red film seems to cover your vision as you go berserk!
You feel yourself moving faster!
You feel mighty!
You feel quite a bit more hungry.
Joseph shoots a sling bullet.
The sling bullet hits you!
You feel a strong urge to attack something.
Joseph zaps a wand.
The bolt of acid hits you!!
* * * LOW HITPOINT WARNING * * *
You are splashed with acid!
You die...

###.#.#
#..<#.#
#######.#
#.......#
#.#..##.#
#..##.#
#..##.#
####(.####
#@@(..#
#.....##.#
#...>#.....#
#.## ##.#..#
# ..#...
....## #.##.
#. ##


You could see Joseph.

Vanquished Creatures
  A polar bear (D:6)
  Prince Ribbit (D:5)
  Menkaure (D:6)
  A water moccasin (D:6)
  An orc warrior (D:8)
  A sky beast (D:6)
  An eye of draining (D:5)
  A phantom (D:5)
  A centaur (D:6)
  A bullfrog (D:6)
  A crimson imp (D:6)
  A centaur zombie (D:6)
  3 bullfrog zombies
  A jelly (D:6)
  4 hounds
  4 orc priests
  3 orc wizards
  A centaur skeleton (D:5)
  2 iguanas (D:4)
  5 worker ants
  A hound zombie (D:5)
  2 hound skeletons
  5 gnolls
  A howler monkey skeleton (D:4)
  6 adders
  An adder zombie (D:6)
  An adder skeleton (D:4)
  3 worms
  A dart slug (D:2)
  5 leopard geckos
  24 orcs
  3 giant cockroaches
  4 goblins
  10 hobgoblins
  11 jackals
  2 quokkas
  3 bats
  2 frilled lizards
  5 kobolds
  12 rats
137 creatures vanquished.

Notes
Turn   | Place    | Note
-------+----------+-------------------------------------------
     0 | D:1      | Amplified the Barachi Berserker began the quest for the
                  | Orb.
     0 | D:1      | Reached XP level 1. HP: 18/18 MP: 1/1
   275 | D:1      | Reached XP level 2. HP: 25/25 MP: 2/2
  1072 | D:2      | Reached XP level 3. HP: 30/30 MP: 3/3
  1081 | D:2      | Reached ** piety under Trog
  1147 | D:2      | Found a shattered altar of Ashenzari.
  1645 | D:2      | You fall into a shaft and drop 1 floor!
  1686 | D:3      | Reached XP level 4. HP: 38/38 MP: 4/4
  1875 | D:3      | Reached skill level 5 in Long Blades
  1875 | D:3      | Reached XP level 5. HP: 27/43 MP: 5/5
  2077 | D:3      | Found a bloodstained altar of Trog.
  2384 | D:3      | Reached skill level 5 in Fighting
  2760 | D:4      | Reached XP level 6. HP: 51/51 MP: 6/6
  2831 | D:4      | Found a runed translucent gate.
  2831 | D:4      | Found a staircase to the Ecumenical Temple.
  2832 | D:4      | Found a runed translucent gate.
  2832 | D:4      | Found a runed translucent gate.
  2832 | D:4      | Noticed Exporg's ghost (amateur GnFi)
  2864 | D:4      | Reached *** piety under Trog
  3058 | D:4      | Reached XP level 7. HP: 50/58 MP: 7/7
  3401 | D:4      | Found a glowing golden altar of the Shining One.
  3401 | D:4      | Found a glowing silver altar of Zin.
  3401 | D:4      | Found a white marble altar of Elyvilon.
  3611 | D:5      | Entered Level 5 of the Dungeon
  3841 | D:5      | Found a radiant altar of Vehumet.
  3928 | D:5      | Noticed Prince Ribbit
  3941 | D:5      | Killed Prince Ribbit
  3957 | D:5      | Reached XP level 8. HP: 50/67 MP: 8/8
  4110 | D:5      | Reached **** piety under Trog
  4267 | D:5      | Found a bloodstained altar of Trog.
  4281 | D:5      | Reached skill level 5 in Armour
  4580 | D:6      | Noticed Eustachio
  4585 | D:6      | Noticed Eustachio
  4585 | D:6      | Eustachio changed into Eustachio the polar bear
  4597 | D:6      | Killed Eustachio the polar bear
  4597 | D:6      | Reached skill level 5 in Dodging
  4750 | D:6      | Found a sacrificial altar of Ru.
  4753 | D:6      | Found an iron altar of Okawaru.
  4753 | D:6      | Found an ornate altar of the Wu Jian Council.
  4899 | D:6      | Reached XP level 9. HP: 57/75 MP: 9/9
  5146 | D:6      | Noticed Menkaure
  5152 | D:6      | Killed Menkaure
  5561 | D:8      | Noticed Joseph
  5592 | D:8      | Splashed by Joseph's acid

Levels and vault maps discovered:
D:1:      saegor_arrival_simple_a, layout_basic
D:2:      layout_basic, nicolae_overflow_hidden_temple, first_ration
D:3:      layout_loops_corners, lemuel_doored_altar
D:4:      layout_rooms, good_gods_mini_temple, minmay_temple_entry_water_ring,
          gammafunk_ghost_split, serial_curves, eino_curves_01, eino_curves_04,
          eino_curves_02, grunt_ministairs_10, chequers_serial_rivers_room_a,
          minmay_manual_mullet
D:5:      layout_cave_pods, lemuel_round_altar, trog_eyes_of_draining,
          uniq_prince_ribbit1
D:6:      layout_loops_corners, chequers_temple_overflow_statue_of_worship,
          uniq_eustachio, uniq_menkaure
D:7:      layout_cave_pools, kennysheep_little_box, marbit_many_paths,
          the_bakery, chequers_serial_rivers_marsh, minmay_shop_damaged
D:8:      layout_basic, serial_shops, shop, kennysheep_nub, uniq_joseph,
          uniq_harold

Skill      XL: |  1  2  3  4  5  6  7  8  9 |
---------------+----------------------------+-----
Long Blades    | 4 5 6 7 8 9 |  9.2
Fighting       | 4 5 6 7 8 9 |  9.0
Armour         | 3 4 5 6 |  6.2
Dodging        | 3 4 5 |  5.7

Action                   |  1- 3 |  4- 6 |  7- 9 || total
-------------------------+-------+-------+-------++-------
Melee: Falchion          |    99 |    98 |   200 ||   397
       Long sword        |       |    49 |       ||    49
Throw: Throwing net      |     1 |     1 |     1 ||     3
Invok: Berserk           |     1 |     3 |     6 ||    10
Evoke: Wand              |       |       |     4 ||     4
  Use: Scroll            |     1 |     6 |     4 ||    11
       Potion            |     2 |     4 |     2 ||     8
 Stab: Sleeping          |     3 |       |     2 ||     5
       Held in net/web   |       |       |     1 ||     1
  Eat: Chunk             |     3 |     9 |     8 ||    20
       Ration            |       |       |     2 ||     2
Armor: Ring mail         |    18 |       |       ||    18
       Animal skin       |     1 |       |       ||     1
       Scale mail        |    18 |    52 |    56 ||   126
       Leather armour    |       |       |    13 ||    13
Dodge: Dodged            |    49 |    77 |   121 ||   247
       Rpst.: Falchion   |    13 |    14 |    30 ||    57
       Long sword        |       |    12 |       ||    12
